BSA
SAN FRANCISCO BANDITS @ NEVADA NOISE
09/05/2028
 
TOP OF THE 1ST
San Francisco Bandits batting - Pitching for Nevada Noise : RHP Cliff Long
Pitching: RHP Cliff Long
Batting: RHB Javier Ramírez 0-0: Called Strike
0-1: Foul Ball, location: 2F
0-2: Strikes out swinging
Batting: RHB Cory Foster 0-0: Ball
1-0: Ball
2-0: Swinging Strike
2-1: Ball
3-1: Swinging Strike
3-2: SINGLE (Groundball, 6MD)
Batting: RHB Owen Carter 0-0: Ball
1-0: Grounds into double play, 4-6-3 (Groundball, 4)
Top of the 1st over - 0 run(s), 1 hit(s), 0 error(s), 0 left on base; San Francisco 0 - Nevada 0
BOTTOM OF THE 1ST
Nevada Noise batting - Pitching for San Francisco Bandits : RHP Francisco Arellano
Pitching: RHP Francisco Arellano
Batting: RHB Max Jones 0-0: Ball
1-0: Ball
2-0: SINGLE (Line Drive, 56D)
Batting: LHB Stanley Mullins 0-0: Called Strike
0-1: Ball
1-1: Fly out, F6 (Line Drive, 6M)
Batting: LHB Willie Wallace 0-0: Called Strike
0-1: Ball
1-1: Called Strike
1-2: Strikes out swinging
Batting: RHB Rich Ruffin 0-0: Ball
1-0: Ball
2-0: Foul Ball, location: 2F
2-1: Called Strike
2-2: Ball
3-2: SINGLE (Line Drive, 34D)
Max Jones to second
Max Jones to third
Batting: RHB Fernando Gálvez 0-0: Called Strike
0-1: Ball
1-1: Ball
2-1: 3-RUN HOME RUN (Flyball, 7D), Distance : 407 ft
Batting: RHB Fernando Martínez 0-0: Ball
1-0: Foul Ball, location: 2F
1-1: Swinging Strike
1-2: Ball
2-2: Ball
3-2: Ground out 1-3 (Groundball, 13S)
Bottom of the 1st over - 3 run(s), 3 hit(s), 0 error(s), 0 left on base; San Francisco 0 - Nevada 3
TOP OF THE 2ND
San Francisco Bandits batting - Pitching for Nevada Noise : RHP Cliff Long
Batting: RHB Juan Mendoza 0-0: Ball
1-0: Ball
2-0: Ball
3-0: Called Strike
3-1: SINGLE (Line Drive, 6MD)
Batting: LHB Mario García 0-0: Called Strike
Juan Mendoza steals 2nd base
0-1: Ball
1-1: Foul Ball, location: 2F
1-2: Strikes out looking
Batting: RHB Dale Taylor 0-0: Called Strike
0-1: Ball
1-1: Foul Ball, location: 2F
1-2: Strikes out swinging
Batting: RHB Jaime Spiridon 0-0: Foul Ball, location: 2F
0-1: Foul Ball, location: 2F
0-2: Ground out 6-3 (Groundball, 6M)
Top of the 2nd over - 0 run(s), 1 hit(s), 0 error(s), 1 left on base; San Francisco 0 - Nevada 3
BOTTOM OF THE 2ND
Nevada Noise batting - Pitching for San Francisco Bandits : RHP Francisco Arellano
Batting: RHB Jesús Hernández 0-0: Called Strike
0-1: Ball
1-1: Swinging Strike
1-2: Ball
2-2: Fly out, F8 (Line Drive, 78XD)
Batting: RHB Pepe González 0-0: Called Strike
0-1: Ball
1-1: Foul Ball, location: 2F
1-2: Strikes out swinging
Batting: RHB José Velázquez 0-0: Ball
1-0: Swinging Strike
1-1: Ball
2-1: Foul Ball, location: 2F
2-2: Fly out, F9 (Flyball, 9LSF)
Bottom of the 2nd over - 0 run(s), 0 hit(s), 0 error(s), 0 left on base; San Francisco 0 - Nevada 3
TOP OF THE 3RD
San Francisco Bandits batting - Pitching for Nevada Noise : RHP Cliff Long
Batting: RHB Scott Merritt 0-0: SINGLE (Groundball, 4D)
Batting: RHB Glenn Melican 0-0: Swinging Strike
0-1: Called Strike
0-2: DOUBLE (Line Drive, 8LXD)
Scott Merritt to third
Batting: RHB Javier Ramírez 0-0: Called Strike
0-1: Called Strike
0-2: Ball
1-2: Ball
2-2: SINGLE (Line Drive, 34D)
Scott Merritt scores
Glenn Melican to third
Batting: RHB Cory Foster 0-0: Ball
1-0: Grounds into double play, 5-4-3 (Groundball, 56)
Glenn Melican scores
Batting: RHB Owen Carter 0-0: Called Strike
0-1: Ground out 5-3 (Groundball, 56)
Top of the 3rd over - 2 run(s), 3 hit(s), 0 error(s), 0 left on base; San Francisco 2 - Nevada 3
BOTTOM OF THE 3RD
Nevada Noise batting - Pitching for San Francisco Bandits : RHP Francisco Arellano
Batting: RHB Max Jones 0-0: Ball
1-0: Swinging Strike
1-1: Ball
2-1: Ball
3-1: Foul Ball, location: 2F
3-2: SOLO HOME RUN (Flyball, 7D), Distance : 412 ft
Batting: LHB Stanley Mullins 0-0: Foul Ball, location: 2F
0-1: Ball
1-1: Foul Ball, location: 2F
1-2: Ground out U3 (Groundball, 34)
Batting: LHB Willie Wallace 0-0: Called Strike
0-1: Ball
1-1: Ball
2-1: Fly out, F8 (Line Drive, 78M)
Batting: RHB Rich Ruffin 0-0: Foul Ball, location: 2F
0-1: Swinging Strike
0-2: Ball
1-2: Strikes out swinging
Bottom of the 3rd over - 1 run(s), 1 hit(s), 0 error(s), 0 left on base; San Francisco 2 - Nevada 4
TOP OF THE 4TH
San Francisco Bandits batting - Pitching for Nevada Noise : RHP Cliff Long
Batting: RHB Juan Mendoza 0-0: Called Strike
0-1: Ball
1-1: Swinging Strike
1-2: Ball
2-2: Ground out 6-3 (Groundball, 6M)
Batting: LHB Mario García 0-0: Ball
1-0: SINGLE (Groundball, 34S) (infield hit)
Batting: RHB Dale Taylor 0-0: Ball
Mario García steals 2nd base
1-0: Called Strike
1-1: Ground out 1-3 (Groundball, 15S)
Batting: RHB Jaime Spiridon 0-0: Ball
1-0: Called Strike
1-1: SINGLE (Groundball, 56D)
Mario García to third
Runner from 3rd tries for Home, SAFE, no throw
Batting: RHB Scott Merritt 0-0: Ball
1-0: Ball
2-0: Fielders Choice at 2nd, 6-4 (Groundball, 6)
Top of the 4th over - 1 run(s), 2 hit(s), 0 error(s), 0 left on base; San Francisco 3 - Nevada 4
BOTTOM OF THE 4TH
Nevada Noise batting - Pitching for San Francisco Bandits : RHP Francisco Arellano
Batting: RHB Fernando Gálvez 0-0: Fly out, F9 (Flyball, 9LDF)
Batting: RHB Fernando Martínez 0-0: Ball
1-0: Foul Ball, location: 2F
1-1: Called Strike
1-2: Ball
2-2: Ball
3-2: Base on Balls
Batting: RHB Jesús Hernández 0-0: Ball
1-0: Foul Ball, location: 2F
1-1: Ball
2-1: Called Strike
Fernando Martínez is caught stealing 2nd base
2-2: Foul Ball, location: 2F
2-2: Fly out, F8 (Flyball, 8RXD)
Bottom of the 4th over - 0 run(s), 0 hit(s), 0 error(s), 0 left on base; San Francisco 3 - Nevada 4
TOP OF THE 5TH
San Francisco Bandits batting - Pitching for Nevada Noise : RHP Cliff Long
Batting: RHB Glenn Melican 0-0: SINGLE (Line Drive, 6)
Batting: RHB Javier Ramírez 0-0: Ball
1-0: Ball
2-0: Called Strike
2-1: Ball
3-1: Base on Balls
Glenn Melican to second
Batting: RHB Cory Foster 0-0: Ball
1-0: Foul Ball, location: 2F
1-1: Grounds into double play, 1-6-3 (Groundball, 13)
Glenn Melican to third
Batting: RHB Owen Carter 0-0: Called Strike
0-1: Swinging Strike
0-2: SINGLE (Groundball, 56D)
Glenn Melican scores
Batting: RHB Juan Mendoza 0-0: Called Strike
0-1: Foul Ball, location: 2F
0-2: Ball
1-2: Ball
2-2: Ball
3-2: SINGLE (Groundball, 6MD)
Owen Carter to second
Owen Carter to third
Batting: LHB Mario García 0-0: Ball
1-0: Swinging Strike
1-1: SINGLE (Flyball, 8LS)
Owen Carter scores
Juan Mendoza to second
Runner from 2nd tries for 3rd, SAFE, throw made to third
Mario García to second
Batting: RHB Dale Taylor 0-0: Ball
1-0: Ball
2-0: Ball
3-0: Called Strike
3-1: Called Strike
3-2: Strikes out looking
Top of the 5th over - 2 run(s), 4 hit(s), 0 error(s), 2 left on base; San Francisco 5 - Nevada 4
BOTTOM OF THE 5TH
Nevada Noise batting - Pitching for San Francisco Bandits : RHP Francisco Arellano
Batting: RHB Pepe González 0-0: Called Strike
0-1: Ball
1-1: Foul Ball, location: 2F
1-2: Ball
2-2: Ground out 4-3 (Groundball, 4)
Batting: RHB José Velázquez 0-0: Called Strike
0-1: Ground out 5-3 (Groundball, 5)
Batting: RHB Max Jones 0-0: Foul Ball, location: 2F
0-1: Fly out, F5 (Popup, 5D)
Bottom of the 5th over - 0 run(s), 0 hit(s), 0 error(s), 0 left on base; San Francisco 5 - Nevada 4
TOP OF THE 6TH
San Francisco Bandits batting - Pitching for Nevada Noise : RHP Cliff Long
Pitching: RHP Manuel González
Batting: RHB Jaime Spiridon 0-0: Ball
1-0: Ball
2-0: Ball
3-0: Called Strike
3-1: Base on Balls
Batting: RHB Scott Merritt 0-0: Called Strike
0-1: Called Strike
0-2: Foul Ball, location: 2F
0-2: Ball
1-2: Foul Ball, location: 2F
1-2: Fly out, F7 (Line Drive, 7D)
Batting: RHB Glenn Melican 0-0: Ball
1-0: Ball
2-0: Ball
3-0: Called Strike
3-1: Called Strike
3-2: Strikes out looking
Batting: RHB Javier Ramírez 0-0: Ball
1-0: Called Strike
1-1: Ball
2-1: Ball
3-1: Called Strike
3-2: Foul Ball, location: 2F
3-2: Base on Balls
Jaime Spiridon to second
Batting: RHB Cory Foster 0-0: Called Strike
0-1: Ball
1-1: Foul Ball, location: 2F
1-2: Strikes out swinging
Top of the 6th over - 0 run(s), 0 hit(s), 0 error(s), 2 left on base; San Francisco 5 - Nevada 4
BOTTOM OF THE 6TH
Nevada Noise batting - Pitching for San Francisco Bandits : RHP Francisco Arellano
Batting: LHB Stanley Mullins 0-0: Hit by Pitch
Batting: LHB Willie Wallace 0-0: Ball
1-0: Foul Ball, location: 2F
1-1: SINGLE (Line Drive, 56D)
Stanley Mullins to second
Batting: RHB Rich Ruffin 0-0: Called Strike
0-1: Ball
1-1: Fly out, F3 (Popup, 3L)
Batting: RHB Fernando Gálvez 0-0: Fly out, F8 (Flyball, 8RS)
Batting: RHB Fernando Martínez 0-0: Ball
1-0: Called Strike
1-1: Ball
2-1: Fielders Choice at 2nd, 5-4 (Groundball, 5)
Bottom of the 6th over - 0 run(s), 1 hit(s), 0 error(s), 1 left on base; San Francisco 5 - Nevada 4
TOP OF THE 7TH
San Francisco Bandits batting - Pitching for Nevada Noise : RHP Manuel González
Batting: RHB Owen Carter 0-0: Called Strike
0-1: SINGLE (Groundball, 4M) (infield hit)
Pinch Hitting: LHB Chris Austin 0-0: Foul Ball, location: 2F
0-1: Foul Ball, location: 2F
0-2: Hit by Pitch
Owen Carter to second
Batting: LHB Mario García 0-0: Ball
1-0: Foul Ball, location: 2F
1-1: Ball
2-1: SINGLE (Flyball, 78S)
Owen Carter to third
Chris Austin to second
Runner from 3rd tries for Home, SAFE, throw made home
Chris Austin to third
Mario García to second
Pinch Hitting: LHB Anacleto Morillo 0-0: Intentional Walk
Pinch Hitting: RHB Michael Elliott 0-0: Ball
1-0: Grounds into double play, 3-2-3 (Groundball, 34S)
Mario García to third
Anacleto Morillo to second
Pinch Hitting: LHB Alan McGilroy Balk!
Mario García scores
Anacleto Morillo to third
0-0: Ball
1-0: Ball
2-0: Called Strike
2-1: Fly out, F4 (Line Drive, 4M)
Top of the 7th over - 2 run(s), 2 hit(s), 0 error(s), 1 left on base; San Francisco 7 - Nevada 4
BOTTOM OF THE 7TH
Nevada Noise batting - Pitching for San Francisco Bandits : RHP Francisco Arellano
Pitching: RHP Carlos Ledezma
Now at 1B: Alan McGilroy
Now at 3B: Gustavo Ortíz
Now in LF: Chris Austin
Now in RF: Michael Elliott
Batting: RHB Jesús Hernández 0-0: Ball
1-0: Called Strike
1-1: Foul Ball, location: 2F
1-2: Ball
2-2: Ball
3-2: Base on Balls
Batting: RHB Pepe González 0-0: Called Strike
0-1: Ball
1-1: Fly out, F7 (Flyball, 7LMF)
Batting: RHB José Velázquez 0-0: Foul Ball, location: 2F
0-1: Foul Ball, location: 2F
0-2: Ball
1-2: Foul Ball, location: 2F
1-2: Grounds into double play, 6-4-3 (Groundball, 6)
Bottom of the 7th over - 0 run(s), 0 hit(s), 0 error(s), 0 left on base; San Francisco 7 - Nevada 4
TOP OF THE 8TH
San Francisco Bandits batting - Pitching for Nevada Noise : RHP Manuel González
Pitching: LHP Miguel Galván
Batting: RHB Glenn Melican 0-0: Ball
1-0: Ball
2-0: Foul Ball, location: 2F
2-1: Fly out, F2 (Popup, 5S)
Batting: RHB Javier Ramírez 0-0: Ball
1-0: Ball
2-0: Called Strike
2-1: Ball
3-1: Base on Balls
Batting: RHB Cory Foster 0-0: Ball
1-0: Ball
2-0: Called Strike
2-1: Ball
3-1: Called Strike
3-2: Foul Ball, location: 2F
3-2: Base on Balls
Javier Ramírez to second
Batting: RHB Owen Carter 0-0: Ball
1-0: Called Strike
1-1: Called Strike
1-2: Strikes out looking
Batting: LHB Chris Austin 0-0: Swinging Strike
0-1: SINGLE (Groundball, 56D)
Javier Ramírez to third
Cory Foster to second
Runner from 3rd tries for Home, SAFE, throw made home
Cory Foster to third
Chris Austin to second
Batting: LHB Mario García 0-0: Ball
1-0: Swinging Strike
1-1: Foul Ball, location: 2F
1-2: Strikes out looking
Top of the 8th over - 1 run(s), 1 hit(s), 0 error(s), 2 left on base; San Francisco 8 - Nevada 4
BOTTOM OF THE 8TH
Nevada Noise batting - Pitching for San Francisco Bandits : RHP Carlos Ledezma
Batting: RHB Max Jones 0-0: Ball
1-0: Foul Ball, location: 2F
1-1: Ball
2-1: Ball
3-1: Base on Balls
Batting: LHB Stanley Mullins 0-0: Foul Ball, location: 2F
0-1: Swinging Strike
0-2: Foul Ball, location: 2F
0-2: Foul Ball, location: 2F
0-2: Strikes out swinging
Batting: LHB Willie Wallace 0-0: Fly out, F7 (Line Drive, 7S)
Batting: RHB Rich Ruffin 0-0: Fielders Choice at 2nd, 4-6 (Groundball, 4)
Bottom of the 8th over - 0 run(s), 0 hit(s), 0 error(s), 0 left on base; San Francisco 8 - Nevada 4
TOP OF THE 9TH
San Francisco Bandits batting - Pitching for Nevada Noise : LHP Miguel Galván
Batting: RHB Gustavo Ortíz 0-0: Called Strike
0-1: Foul Ball, location: 2F
0-2: Ball
1-2: Fly out, F9 (Flyball, 89D)
Batting: RHB Michael Elliott 0-0: Called Strike
0-1: Called Strike
0-2: Strikes out looking
Batting: LHB Alan McGilroy 0-0: Called Strike
0-1: Swinging Strike
0-2: Strikes out looking
Top of the 9th over - 0 run(s), 0 hit(s), 0 error(s), 0 left on base; San Francisco 8 - Nevada 4
BOTTOM OF THE 9TH
Nevada Noise batting - Pitching for San Francisco Bandits : RHP Carlos Ledezma
Batting: RHB Fernando Gálvez 0-0: Ground out 6-3 (Groundball, 6)
Batting: RHB Fernando Martínez 0-0: Ground out 5-3 (Groundball, 56)
Batting: RHB Jesús Hernández 0-0: Called Strike
0-1: Swinging Strike
0-2: Strikes out looking
Bottom of the 9th over - 0 run(s), 0 hit(s), 0 error(s), 0 left on base; San Francisco 8 - Nevada 4
Tuesday, August 8th, 2017 - OOTP Baseball 17.12 Build 75